Map: Moonlight Madness LE (Void)

Players

wabbajack

  • Race: Zerg Zerg
  • League: Gold

Bottles - Winner!

  • Race: Protoss Protoss
  • League: Bronze

VOD

Have the link to the VOD?

Description

Time

  • Played on: July 19, 2015, 6:05 p.m.
  • Length: 7:26
Show
View Real Time Build Order
Export as new Build Order

wabbajack Zerg 

Build Orders: Hatch First, Zergling Baneling 

Get SALT Encoding   

  12  0:01  Drone  
  13  0:13  Overlord  
  13  0:18  Drone  
  14  0:31  Drone x2  
  14  0:35  Drone  
  18  0:57  Drone  
  18  0:59  Hatchery  
  18  1:00  Extractor  
  18  1:03  Drone  
  17  1:08  Drone  
  18  1:23  Spawning Pool  
  17  1:26  Drone  
  18  1:36  Drone  
  19  1:44  Overlord  
  19  2:00  Extractor  
  18  2:10  Queen  
  18  2:12  Pneumatized Carapace  
  20  2:23  Zergling x4  
  20  2:27  Zergling x2  
  23  2:31  Drone x2  
  23  2:36  Metabolic Boost  
  25  2:45  Baneling Nest  
  24  2:56  Queen  
  26  3:02  Drone  
  26  3:03  Drone x2  
  29  3:17  Zergling x2  
  29  3:18  Zergling x2  
  29  3:19  Zergling x4  
  33  3:30  Baneling  
  33  3:31  Baneling x3  
  30  3:48  Baneling  
  30  3:49  Baneling  
  30  3:59  Baneling x2  
  30  4:04  Roach Warren  
  25  4:12  Zergling x2  
  25  4:13  Zergling x2  
  25  4:14  Spine Crawler  
  25  4:16  Spine Crawler  
  25  4:18  Spine Crawler  
  24  4:27  Drone x2  
  24  4:28  Drone  
  24  4:29  Drone  
  27  4:45  Zergling x8  
  28  4:58  Lair  
  28  5:04  Roach  
  27  5:20  Zergling x2  
  28  5:21  Zergling x2  
  28  5:23  Overlord x2  
  29  5:47  Zergling x2  
  29  5:48  Zergling x2  
  31  5:52  Hatchery  
  31  5:55  Drone  
  31  5:57  Drone  
  31  6:03  Baneling x3  
  32  6:06  Baneling x2  
  29  6:29  Roach  
  29  6:30  Roach x3  
  30  6:48  Roach, Zergling x2  
  28  7:00  Roach  
  28  7:01  Roach x2  
Show
View Real Time Build Order
Export as new Build Order

Bottles Protoss - Winner!

Build Orders: 1 Gate Expand 

Get SALT Encoding   

  12  0:02  Probe  
  13  0:14  Pylon  
  13  0:17  Probe  
  14  0:32  Probe (Chrono Boost)  
  16  0:42  Probe (Chrono Boost)  
  16  0:45  Gateway  
  16  0:48  Assimilator  
  16  0:56  Probe  
  17  1:00  Pylon  
  17  1:12  Probe  
  18  1:25  Probe, Assimilator  
  19  1:40  Nexus  
  19  1:43  Zealot (Chrono Boost)  
  21  1:55  Cybernetics Core  
  21  2:04  Probe  
  22  2:10  Zealot (Chrono Boost)  
  24  2:20  Gateway  
  24  2:22  Probe  
  25  2:30  Zealot (Chrono Boost)  
  25  2:33  Warp Gate (Chrono Boost)  
  25  2:35  Probe  
  28  2:50  Adept (Chrono Boost)  
  30  3:01  Probe x2  
  31  3:08  Robotics Facility  
  31  3:14  Probe x2  
  33  3:20  Pylon  
  33  3:26  Probe (Chrono Boost)  
  35  3:29  Probe (Chrono Boost)  
  35  3:38  Probe (Chrono Boost)  
  37  3:43  Probe (Chrono Boost)  
  37  3:45  Probe (Chrono Boost)  
  38  3:51  Probe  
  38  3:53  Zealot  
  38  3:55  Probe, Zealot  
  42  4:13  Probe x2  
  42  4:15  Immortal  
  42  4:36  Probe x2  
  37  4:48  Stalker x2, Probe x2  
  43  5:05  Assimilator  
  43  5:06  Assimilator  
  39  5:15  Probe x2  
  39  5:17  Immortal  
  39  5:19  Zealot  
  39  5:21  Sentry  
  47  5:30  Probe x2  
  47  5:35  Pylon  
  49  5:42  Probe  
  50  5:48  Zealot  
  52  6:12  Stalker  
  52  6:13  Stalker  
  52  6:16  Probe x2  
  52  6:17  Pylon  
  52  6:37  Gateway x2  
  52  6:38  Gateway  
  52  6:39  Zealot x2  
  38  7:05  Zealot x2  
Tags
 
Add a new tag
Caveats
  • Supply blocks, unpowered buildings, or Contaminate may cause inaccurate times.
  • Supply counts are checked every 10 seconds.